 Dungeon Crawl Stone Soup version 0.28.0-53-g5a82cb258f (webtiles) character file.

Game seed: 1478198038555626389

44 VictoriousLee the Stinger (level 3, -1/21 HPs)
             Began as an Octopode Venom Mage on June 27, 2022.
             Slain by an orc
             ... wielding a +0 whip
              (4 damage)
             ... on level 3 of the Dungeon.
             The game lasted 00:07:54 (2595 turns).

VictoriousLee the Stinger (Octopode Venom Mage)     Turns: 2595, Time: 00:07:55

Health: -1/21      AC:  1    Str:  7    XL:     3   Next: 60%
Magic:  1/6        EV: 13    Int: 19    God:
Gold:   92         SH:  0    Dex: 12    Spells: 3/6 levels left

rFire   . . .      SeeInvis .   b - +0 dagger
rCold   . . .      Faith    .   (no shield)
rNeg    . . .      Spirit   .   (helmet restricted)
rPois   .          Reflect  .   (no amulet)
rElec   .          Harm     .   (no ring)
rCorr   .          Rampage  .   (no ring)
Will    .....                   (no ring)
Stlth   ++........              (no ring)
HPRegen 0.07/turn               (no ring)
MPRegen 0.10/turn               (no ring)
                                (no ring)
                                (no ring)

@: confused
A: almost no armour, amphibious, 8 rings, camouflage 1, gelatinous body 1,
(nimble swimmer 1), tentacles
a: no special abilities


You were on level 3 of the Dungeon.
You visited 1 branch of the dungeon, and saw 3 of its levels.

You collected 92 gold pieces.

Inventory:

Hand Weapons
 b - a +0 dagger (weapon)
Missiles
 a - 3 poisoned darts
 g - 70 stones
Scrolls
 d - a scroll of teleportation
 e - a scroll of identify
 h - a scroll of holy word {unknown}
 i - a scroll of magic mapping {unknown}
Potions
 c - a potion of haste
 f - a potion of attraction {unknown}
 j - a potion of flight {unknown}


   Skills:
 - Level 2.0 Dodging
 - Level 2.6 Stealth
 - Level 2.0 Spellcasting
 - Level 2.0 Transmutations
 + Level 5.0 Poison Magic


You had 3 spell levels left.
You knew the following spells:

 Your Spells              Type           Power      Damage    Failure   Level
a - Poisonous Vapours     Pois/Air       22%        N/A       9%          2
s - Sting                 Tmut/Pois      60%        1d6       4%          1

Your spell library contained the following spells:

 Spells                   Type           Power      Damage    Failure   Level
 Shock                    Conj/Air       4%         1d3       17%         1
 Mephitic Cloud           Conj/Pois/Air  8%         N/A       26%         3
 Swiftness                Air            1%         N/A       45%         3
 Olgreb's Toxic Radiance  Pois           20%        N/A       22%         4
 Airstrike                Air            0%         N/A       86%         4


Dungeon Overview and Level Annotations

Branches:
Dungeon (3/15)

Altars:

Shops:
D:1 [


Innate Abilities, Weirdness & Mutations

You cannot wear most types of armour.
You are amphibious.
You can wear up to eight rings at the same time.
Your skin changes colour to match your surroundings (Stealth+).
Your rubbery body absorbs attacks. (AC +1, EV +1)
((You are camouflaged when in or above water. (Stealth+)))
You have tentacles for arms and can constrict up to eight enemies at once.


Message History

You closely miss the orc. You grab the orc.
The orc is severely wounded.
You constrict the orc. The orc barely misses you.
You hit the orc.
You kill the orc!
Your Poison Magic skill increases to level 5!
Casting: Poisonous Vapours (safe; 9% risk of failure)
Confirm with . or Enter, or press ? or * to list all spells.
You don't have enough magic to cast this spell.
Casting: Poisonous Vapours (safe; 9% risk of failure)
Confirm with . or Enter, or press ? or * to list all spells.
Aiming: Sting (safe; 4% risk of failure)
Press: ? - help, Shift-Dir - straight line, f/p - orc wizard
Aim: an orc wizard, wielding a +0 dagger and wearing a +0 robe (moderately wounded, 67% to hit)
The sting misses the orc wizard.
The orc wizard casts a spell at you. You resist with significant effort.
You hit the orc but do no damage. You grab the orc.
You squeeze the orc, but do no damage. You constrict the orc.
The orc completely misses you.
You closely miss the orc wizard. Your grab misses the orc wizard.
The orc wizard is moderately wounded.
You constrict the orc, but do no damage.
The orc wizard points at you and mumbles some strange words.
You are confused.
The orc closely misses you.
You release your grip on the orc.
The orc wizard misses you. The orc hits you with a +0 whip.
You miss the orc wizard. You squeeze the orc wizard.
The orc wizard is moderately wounded.
The orc wizard hits you with a +0 dagger.
The orc hits you with a +0 whip.
You hit the orc but do no damage.
The orc is lightly wounded.
The orc wizard points at you and mumbles some strange words.
The puff of flame hits you!
Ouch! That really hurt!
* * * LOW HITPOINT WARNING * * *
The orc hits you with a +0 whip.
You die...

#.........######
#.........##...#.
#................
#.........##.....
#.........# ...#
###.........# #..
###....)....### .
#.....oo###......#
#.....@.# #.#+#.##
#......<# #..
#.......# #...
#.......# #....
#.......# .....#
#........ .##+##
#........
#######... #...


You could see an orc wizard and an orc.

Vanquished Creatures
  A gnoll (D:1)
  A dart slug (D:1)
  An orc (D:3)
  5 ball pythons
  A bat (D:1)
  4 endoplasms
  A giant cockroach (D:1)
  3 goblins (D:1)
  3 hobgoblins
  2 quokkas (D:2)
  2 frilled lizards (D:1)
  A kobold (D:1)
  3 rats
28 creatures vanquished.

Notes
Turn   | Place    | Note
-------+----------+-------------------------------------------
     0 | D:1      | VictoriousLee the Octopode Venom Mage began the quest for
                  | the Orb.
     0 | D:1      | Reached XP level 1. HP: 11/11 MP: 3/3
   295 | D:1      | Reached XP level 2. HP: 15/17 MP: 3/5
   300 | D:1      | Learned a level 2 spell: Poisonous Vapours
   534 | D:1      | Found Xikocon's Antique Armour Shoppe.
   688 | D:1      | Reached skill level 4 in Poison Magic
   808 | D:1      | Reached XP level 3. HP: 10/21 MP: 0/6
   998 | D:1      | Found a faded altar of an unknown god.
  2589 | D:3      | Reached skill level 5 in Poison Magic
  2595 | D:3      | Slain by an orc

Illustrated notes

Levels and vault maps discovered:
D:1:      eino_arrival_cavern_b, layout_loops_corners,
          ebering_ecumenical_altar_webs, serial_shops, shop, minmay_pentomino_p2
D:2:      layout_basic, nicolae_underground_beach
D:3:      layout_basic, serial_corexii_hall, corexii_hall_statues_u,
          chequers_hall_statues_y

Skill      XL: |  1  2  3 |
---------------+----------+-----
Transmutations | 2 |  2.0
Poison Magic   | 4 5 |  5.0
Dodging        | |  2.0
Stealth        | |  2.6
Spellcasting   | |  2.0

Action                   || total
-------------------------++-------
Melee: Unarmed           ||     5
       Dagger            ||    33
       Tentacles         ||     7
       Punch             ||     1
       Constrict         ||     9
 Cast: Sting             ||    17
       Poisonous Vapours ||    17
  Use: Scroll            ||     7
Armor: Skin              ||     1
Dodge: Dodged            ||    18
